 Dungeon Crawl Stone Soup version 0.19.1 (webtiles) character file.

89 empire the Charmwright (level 4, 0/31 HPs)
             Began as a High Elf Skald on Dec 21, 2016.
             Slain by a gnoll
             ... wielding a cursed -1 halberd
              (4 damage)
             ... on level 4 of the Dungeon.
             The game lasted 00:05:27 (2126 turns).

empire the Charmwright (High Elf Skald)             Turns: 2126, Time: 00:05:29

Health: 0/31       AC:  8    Str: 11    XL:     4   Next: 31%
Magic:  3/9        EV: 13    Int: 15    God:
Gold:   222        SH:  0    Dex: 16    Spells: 3 memorised, 3 levels left

rFire  + . .     SeeInvis .     a - +0 falchion
rCold  x . .     Gourm    .     Z - +0 leather armour
rNeg   . . .     Faith    .     (no shield)
rPois  .         Spirit   .     V - +0 helmet
rElec  .         Reflect  .     X - +2 cloak
rCorr  .         Harm     .     (no gloves)
MR     .....                    U - +0 pair of boots
Stlth  +.........               (no amulet)
                                (no ring)
                                x - ring of fire

@: infused, very slightly contaminated, hasted, very quick
A: no striking features
a: no special abilities


You were on level 4 of the Dungeon.
You were hungry.

You visited 1 branch of the dungeon, and saw 4 of its levels.

You collected 222 gold pieces.

Inventory:

Hand Weapons
 a - a +0 falchion (weapon)
 h - a +1 dagger of electrocution
 v - a +2 rapier of speed
Missiles
 m - 40 bolts
 s - 3 needles of confusion
Armour
 f - a +0 ring mail
 n - a +0 plate armour
 p - a +0 scale mail
 u - a +0 chain mail
 w - a +0 large shield
 U - a +0 pair of boots (worn)
 V - a +0 helmet (worn)
 X - a +2 cloak (worn)
 Z - a +0 leather armour (worn)
Jewellery
 x - a ring of fire (left hand)
Scrolls
 e - a scroll of random uselessness {unknown}
 g - a scroll of enchant weapon {unknown}
 k - 2 scrolls of remove curse {unknown}
 l - a scroll of fog {unknown}
 q - a scroll of immolation {unknown}
 t - a scroll of teleportation {unknown}
Potions
 i - a potion of mutation {unknown}
 j - a potion of agility {unknown}
 o - 2 potions of cancellation
 z - a potion of haste
Books
 c - a book of Battle

   Spells                             Type                      Level
   a - Infusion                       Charms                       1
   b - Shroud of Golubria             Charms/Translocation         2
   c - Song of Slaying                Charms                       2
   d - Spectral Weapon                Hexes/Charms                 3
   e - Regeneration                   Charms/Necromancy            3
Comestibles
 b - 3 meat rations
 d - 4 bread rations
 r - a royal jelly


   Skills:
 - Level 3.0 Fighting
 - Level 3.0 Long Blades
 - Level 0.8 Armour
 - Level 3.0 Dodging
 + Level 3.0 Spellcasting
 - Level 3.6 Charms


You had 3 spell levels left.
You knew the following spells:

 Your Spells              Type           Power        Failure   Level  Hunger
a - Infusion              Chrm           ##..         10%         1    #......
b - Shroud of Golubria    Chrm/Tloc      #.........   21%         2    ##.....
c - Regeneration          Chrm/Necr      #.........   38%         3    ###....


Dungeon Overview and Level Annotations

Branches:
Dungeon (4/15)
 Temple: D:4-7

Altars:
Ashenzari
Ru

Annotations:
D:4 empire's ghost, weakling HESk


Message History

You are feeling hungry.
Empire's ghost misses you. The gnoll hits you.
You barely miss the gnoll.
The gnoll is lightly wounded.
The gnoll closely misses you. The gnoll misses you.
Empire's ghost barely misses you. The gnoll barely misses you.
You hit the gnoll.
The gnoll is heavily wounded.
The gnoll barely misses you. Empire's ghost misses you.
The gnoll completely misses you. The gnoll barely misses you.
You hit the gnoll.
The gnoll is severely wounded.
Empire's ghost barely misses you.
You hit the gnoll.
You kill the gnoll!
Your Spellcasting skill increases to level 3!
The gnoll hits you from afar with a halberd!
* * * LOW HITPOINT WARNING * * *
The gnoll hits you from afar with a halberd.
You die...

..... .....#.......# ##
..gg.#.......### !#
...............##.# #
..................###>#
..................?....
.................#.....
......$................
......#......gW@......[#
....#......#g.........#
.......................#
.......................#
.......................#
.............<........#
....................###
...................##
.........?#.........#


You could see empire's ghost and 2 gnolls.

Vanquished Creatures
  A gnoll (D:4)
  An adder (D:3)
  An ooze (D:1)
  A worm (D:3)
  A dart slug (D:1)
  2 leopard geckos (D:3)
  A giant cockroach (D:2)
  10 goblins
  10 hobgoblins
  8 kobolds
  5 quokkas
  A ball python (D:3)
  6 bats
  3 frilled lizards
  5 rats
56 creatures vanquished.

Notes
Turn   | Place    | Note
-------+----------+-------------------------------------------
     0 | D:1      | empire the High Elf Skald began the quest for the Orb.
     0 | D:1      | Reached XP level 1. HP: 14/14 MP: 4/4
   223 | D:1      | Reached XP level 2. HP: 19/19 MP: 6/6
   690 | D:2      | Reached XP level 3. HP: 25/26 MP: 7/7
   820 | D:2      | Found a shattered altar of Ashenzari.
  1288 | D:3      | Found a sacrificial altar of Ru.
  1635 | D:3      | Found a faded altar of an unknown god.
  1663 | D:3      | Reached XP level 4. HP: 18/31 MP: 4/8
  2060 | D:3      | Learned a level 2 spell: Shroud of Golubria
  2064 | D:3      | Learned a level 3 spell: Regeneration
  2089 | D:4      | Noticed empire's ghost (weakling HESk)
  2126 | D:4      | Slain by a gnoll

Skill      XL: |  1  2  3  4 |
---------------+-------------+-----
Long Blades    | 3 |  3.0
Fighting       | 3 |  3.0
Dodging        | 3 |  3.0
Spellcasting   | 3 |  3.0
Armour         | |  0.8
Charms         | |  3.6

Action                   |  1- 3 |  4- 6 || total
-------------------------+-------+-------++-------
Melee: Falchion          |   126 |    40 ||   166
 Cast: Infusion          |     1 |     1 ||     2
  Use: Potion            |     3 |     1 ||     4
 Stab: Sleeping          |     3 |       ||     3
       Distracted        |     1 |       ||     1
  Eat: Chunk             |     2 |     2 ||     4
Armor: Leather armour    |    40 |    11 ||    51
Dodge: Dodged            |    86 |    29 ||   115
       Rpst.: Falchion   |    27 |     4 ||    31
